 Dungeon Crawl Stone Soup version 0.16.2-12-gd0ad4c3 (webtiles) character file.

558 Galdon the Magician (level 7, -8/39 HPs)
             Began as a Deep Elf Wizard on Oct 29, 2015.
             Killed by divine providence
             ... invoked by an orc priest
              (16 damage)
             ... on level 6 of the Dungeon on Nov 2, 2015.
             The game lasted 00:39:59 (5225 turns).

Galdon the Magician (Deep Elf Wizard)               Turns: 5225, Time: 00:39:59

Health: -8/39      AC: 10    Str:  6    XL:     7   Next: 9%
Magic:  6/24       EV: 12    Int: 23    God:
Gold:   156        SH:  0    Dex: 13    Spells: 7 memorised, 4 levels left

rFire  . . .     SeeInvis .     k - +2 dagger (venom)
rCold  . . .     Clarity  +     D - +3 leather armour
rNeg   . . .     SustAb   .     (no shield)
rPois  .         Gourm    .     b - +1 hat
rElec  .         Spirit   .     m - +2 cloak
rCorr  .         Warding  .     (no gloves)
rMut   .         Stasis   .     (no boots)
MR     .....                    z - amulet of clarity
Stlth  ++........               K - ring of flight
                                q - +4 ring of slaying

@: very slightly contaminated, repel missiles, not resistant to hostile
enchantments, unstealthy
A: no striking features
a: Evoke Flight


You were on level 6 of the Dungeon.
You were not hungry.

You visited 1 branch of the dungeon, and saw 6 of its levels.

You collected 219 gold pieces.
You spent 63 gold pieces at shops.

Inventory:

Hand weapons
 k - a +2 dagger of venom (weapon)
 J - a +1 dagger of holy wrath
Armour
 b - a +1 hat (worn)
 m - a +2 cloak (worn)
 D - a +3 leather armour (worn)
 V - a +0 buckler
 W - a +0 robe of fire resistance
Jewellery
 q - a +4 ring of slaying (left hand)
 z - an amulet of clarity (around neck)
 K - a ring of flight (right hand)
 R - an uncursed amulet of faith
 T - an uncursed ring of fire
Magical devices
 w - a wand of slowing (45)
 Z - a wand of draining (5)
Scrolls
 e - 6 scrolls of identify
 o - 3 scrolls of teleportation
 G - a scroll of enchant armour
 I - 2 scrolls of recharging
 O - a scroll of blinking {unknown}
 P - a scroll of amnesia
 S - 3 scrolls of remove curse
Potions
 i - a potion of ambrosia {unknown}
 j - 2 potions of curing
 n - a potion of might {unknown}
 r - a potion of heal wounds {unknown}
 F - a potion of cure mutation {unknown}
 L - a potion of poison {unknown}
 M - a potion of lignification {unknown}
 N - a potion of haste {unknown}
 Q - a potion of restore abilities {unknown}
 X - a potion of cancellation
Books
 c - a book of Minor Magic

   Spells                             Type                      Level
   a - Magic Dart                     Conjuration                  1
   b - Blink                          Translocation                2
   c - Call Imp                       Summoning                    2
   d - Repel Missiles                 Charms/Air                   2
   e - Slow                           Hexes                        2
   f - Conjure Flame                  Conjuration/Fire             3
   g - Mephitic Cloud                 Conjuration/Poison/Air       3
Comestibles
 d - 7 bread rations
 B - a fruit
 U - a slice of pizza


   Skills:
 * Level 1.7 Fighting
 * Level 2.2 Short Blades
 + Level 1.0 Armour
 + Level 3.3 Dodging
 + Level 3.4 Stealth
 * Level 1.5 Shields
 * Level 6.5 Spellcasting
 * Level 3.1 Conjurations
 + Level 0.4 Charms
 + Level 1.5 Summonings
 + Level 1.1 Translocations
 + Level 0.2 Poison Magic
 * Level 2.1 Evocations


You had 4 spell levels left.
You knew the following spells:

 Your Spells              Type           Power        Failure   Level  Hunger
a - Magic Dart            Conj           ###.         4%          1    None
b - Call Imp              Summ           ##......     12%         2    None
c - Repel Missiles        Chrm/Air       #.....       21%         2    None
d - Blink                 Tloc           N/A          14%         2    None
e - Slow                  Hex            #.......     21%         2    None
f - Mephitic Cloud        Conj/Pois/Air  ##......     28%         3    None
g - Conjure Flame         Conj/Fire      ##......     21%         3    None


Dungeon Overview and Level Annotations

Branches:
Dungeon (6/15)
 Temple: D:4-7

Altars:
Cheibriados
Gozag
Makhleb
Okawaru
Ru
Xom
Yredelemnul
The Shining One

Shops:
D:4 [


Message History

Confirm with . or Enter, or press ? or * to list all spells.
You miscast Blink.
Strange energies run through your body.
Your crimson imp barely misses the orc priest.
Your crimson imp hits the orc priest.
Casting: Blink
Confirm with . or Enter, or press ? or * to list all spells.
You blink.
The orc priest completely misses you.
Your crimson imp blinks!
Casting: Blink
Confirm with . or Enter, or press ? or * to list all spells.
You blink.
The orc priest seems less confused.
Casting: Blink
Confirm with . or Enter, or press ? or * to list all spells.
You miscast Blink.
Strange energies run through your body.
Casting: Blink
Confirm with . or Enter, or press ? or * to list all spells.
You blink.
The orc priest mumbles some strange prayers to Beogh against you.
Something smites you!
You die...

#..##...## . ♣#
#..#..#..# #.. ≈≈#
#.......##...# #
P≈♣##..........# .#
≈≈P..# #§..# .##
≈≈≈..# ###o### #..###
≈≈♣..# ##5o.##.....
≈PP..######5§#.....##
≈P.........§.###@...#
..........#..# #....#
≈≈..#..####..# .....#
≈♣###..## #.........#
♣.# ##..##...##...###
..# ##....#####..#
..####...#..# #...
.#..#...###..###..#
###.....# #..#.##


You could see 2 orc priests and a friendly crimson imp.

Vanquished Creatures
  An ice beast (D:4)
  An ogre (D:4)
  A phantom (D:5)
  A jelly (D:6)
  2 orc wizards (D:4)
  An iguana (D:5)
  Ijyb (D:5)
  Terence (D:2)
  5 adders
  A shadow imp (D:4)
  A giant mite (D:2)
  3 worms
  An adder skeleton (D:4)
  An ooze (D:2)
  7 orcs
  A bat zombie (D:5)
  2 giant cockroaches (D:1)
  10 goblins
  6 hobgoblins
  8 kobolds
  2 quokkas
  A ball python (D:2)
  22 bats
  A giant gecko (D:5)
  7 giant newts
  6 jackals
  9 rats
103 creatures vanquished.

Vanquished Creatures (collateral kills)
  An ooze (D:2)
  An orc (D:6)
  6 jackals (D:2)
  A kobold (D:1)
9 creatures vanquished.

Vanquished Creatures (others)
  A shadow imp (D:6)
1 creature vanquished.

Grand Total: 113 creatures vanquished

Notes
Turn   | Place    | Note
--------------------------------------------------------------
     0 | D:1      | Galdon, the Deep Elf Wizard, began the quest for the Orb.
     0 | D:1      | Reached XP level 1. HP: 10/10 MP: 6/6
   250 | D:1      | Reached XP level 2. HP: 15/15 MP: 10/10
   254 | D:1      | Learned a level 2 spell: Call Imp
   257 | D:1      | Learned a level 2 spell: Repel Missiles
   260 | D:1      | Learned a level 2 spell: Blink
   263 | D:1      | Learned a level 2 spell: Slow
   290 | D:1      | Reached skill level 5 in Spellcasting
   697 | D:1      | Reached XP level 3. HP: 20/20 MP: 14/14
   702 | D:1      | Learned a level 3 spell: Mephitic Cloud
  1160 | D:2      | Reached skill level 1 in Short Blades
  1266 | D:2      | Found an opulent altar of Gozag.
  1267 | D:2      | Noticed Terence
  1278 | D:2      | Killed Terence
  1545 | D:2      | Reached XP level 4. HP: 24/24 MP: 17/17
  1567 | D:2      | Found a shimmering altar of Xom.
  2373 | D:3      | Reached skill level 1 in Fighting
  2373 | D:3      | Reached XP level 5. HP: 27/29 MP: 12/20
  2477 | D:3      | Learned a level 3 spell: Conjure Flame
  2692 | D:4      | Noticed a sky beast
  2941 | D:4      | Found a basalt altar of Yredelemnul.
  3052 | D:4      | Found a glowing golden altar of the Shining One.
  3099 | D:4      | Found Bratisch's Armour Boutique.
  3125 | D:4      | Bought a +0 buckler for 63 gold pieces
  3148 | D:4      | Reached skill level 1 in Evocations
  3155 | D:4      | Reached skill level 6 in Spellcasting
  3185 | D:4      | Found a burning altar of Makhleb.
  3439 | D:4      | Noticed an ice beast
  3476 | D:4      | Killed an ice beast
  3476 | D:4      | Reached skill level 1 in Shields
  3476 | D:4      | Reached XP level 6. HP: 19/34 MP: 16/22
  3688 | D:4      | Noticed an ogre
  3703 | D:4      | Killed an ogre
  3785 | D:5      | Entered Level 5 of the Dungeon
  3785 | D:5      | Noticed Ijyb
  3793 | D:5      | Killed Ijyb
  4348 | D:5      | Reached XP level 7. HP: 33/39 MP: 21/24
  5049 | D:5      | Found an iron altar of Okawaru.
  5053 | D:5      | Found a snail-covered altar of Cheibriados.
  5056 | D:5      | Found a sacrificial altar of Ru.
  5161 | D:6      | Reached skill level 1 in Armour
  5225 | D:6      | Killed from afar by an orc priest

Action                   |  1- 3 |  4- 6 |  7- 9 || total
-------------------------+-------+-------+-------++-------
Melee: Dagger            |    55 |    91 |     9 ||   155
 Cast: Magic Dart        |    27 |    70 |     8 ||   105
       Call Imp          |     7 |     6 |     3 ||    16
       Repel Missiles    |     1 |       |     1 ||     2
       Mephitic Cloud    |       |     5 |     1 ||     6
       Blink             |       |     1 |     3 ||     4
       Conjure Flame     |       |     1 |     1 ||     2
  Use: Scroll            |     7 |     3 |       ||    10
       Potion            |     1 |     1 |       ||     2
 Stab: Sleeping          |     5 |     6 |     1 ||    12
       Distracted        |       |     1 |       ||     1
       Confused          |       |     3 |       ||     3
  Eat: Chunk             |     1 |     8 |     3 ||    12
       Fruit             |       |     1 |       ||     1
